 Dungeon Crawl Stone Soup version 0.16-a0-309-g112360f (webtiles) character file.

40 Ratboiler the Skirmisher (level 3, 0/29 HPs)
             Began as a Formicid Abyssal Knight on Aug 31, 2014.
             Was a Follower of Lugonu.
             Slain by an adder (2 damage)
             ... on Level 3 of the Dungeon.
             The game lasted 00:07:09 (1869 turns).

Ratboiler the Skirmisher (Formicid Abyssal Knight)  Turns: 1869, Time: 00:07:10

HP   0/29        AC  3     Str 16      XL: 3   Next: 72%
MP   6/6         EV 10     Int 11      God: Lugonu [*.....]
Gold 71          SH  0     Dex 11      Spells:  0 memorised,  2 levels left

rFire  . . .     SeeInvis +     a - +1 mace
rCold  . . .     Clarity  .     b - +0 leather armour
rNeg   . . .     rCorr    .     (no shield)
rPois  .         rRot     .     (helmet unavailable)
rElec  .         Spirit   .     (no cloak)
SustAb .         Warding  .     (no gloves)
rMut   .         Stasis   +     (no boots)
Gourm  .                        (no amulet)
MR     .....                    (no ring)
                                (no ring)

@: not resistant to hostile enchantments, very unstealthy
A: permanent stasis, dig shafts and tunnels, four strong arms, antennae 3
a: Dig, Shaft Self, Depart the Abyss, Renounce Religion


You were on level 3 of the Dungeon.
You worshipped Lugonu.
Lugonu was aware of your devotion.
You were hungry.

You visited 1 branch of the dungeon, and saw 3 of its levels.
You visited the Abyss 1 time.

You collected 71 gold pieces.

Inventory:

Hand weapons
 a - a +1 mace (weapon)
 d - a +0 spear
Armour
 b - a +0 leather armour (worn)
Comestibles
 c - 2 bread rations
 j - 2 fruits
 k - 2 slices of pizza
 m - a meat ration
 n - a beef jerky
Scrolls
 e - a scroll of fog {unknown}
 f - 2 scrolls of teleportation {unknown}
 h - 4 scrolls of identify {unknown}
 l - a scroll of amnesia {unknown}
Potions
 i - a potion of restore abilities


   Skills:
 - Level 3.3 Fighting
 + Level 3.0 Maces & Flails
 - Level 2.1 Armour
 - Level 0.8 Dodging
 + Level 3.3 Invocations


You had 2 spell levels left.
You didn't know any spells.

Dungeon Overview and Level Annotations

Branches:
Dungeon (3/15)

Altars:
Ashenzari
Nemelex Xobeh

Annotations:
D:2 exclusion: inept item mimic


Innate Abilities, Weirdness & Mutations

Your are under a permanent stasis effect.
You can dig through walls and to a lower floor.
Your four strong arms can wield two-handed weapons with a shield.
You have a pair of large antennae on your head (SInv).


Message History

The adder bites you but does no damage.
You miss the adder.
The adder is severely wounded.
You feel sick. The rat barely misses you. The adder bites you.
* * * LOW HITPOINT WARNING * * *
The adder bites you.
* * * LOW HITPOINT WARNING * * *
The rat barely misses you.
Drink which item? (? for menu, Esc to quit)
You feel better.
It was a potion of curing.
The adder bites you.
* * * LOW HITPOINT WARNING * * *
The rat bites you but does no damage.
You hit the adder.
The adder is almost dead.
The adder barely misses you. The rat bites you.
* * * LOW HITPOINT WARNING * * *
You closely miss the adder.
The adder is almost dead.
The adder bites you.
You die...

## .. .#
##.######
#..!.....
#.........
#@S.......
#.r$......
....?....
..........
...........
......)....
.?.........
....##### .


You could see an adder and a rat.

Vanquished Creatures
  An adder (D:2)
  A giant mite (D:2)
  A worm (D:2)
  A giant cockroach (D:1)
  4 goblins
  A hobgoblin (D:1)
  2 bats (D:1)
  A giant gecko (D:1)
  6 kobolds
  3 rats
21 creatures vanquished.

Notes
Turn   | Place    | Note
--------------------------------------------------------------
     0 | Abyss:1  | Ratboiler, the Formicid Abyssal Knight, began the quest for the Orb.
     0 | Abyss:1  | Reached XP level 1. HP: 18/18 MP: 1/1
    85 | Abyss:1  | Noticed a demonic crawler
    92 | Abyss:1  | Noticed a raiju
    93 | D:1      | Escaped the Abyss
   293 | D:1      | Acquired Lugonu's first power
   350 | D:1      | Reached XP level 2. HP: 22/24 MP: 3/3
  1073 | D:2      | Found a sparkling altar of Nemelex Xobeh.
  1085 | D:2      | Reached XP level 3. HP: 29/29 MP: 4/6
  1175 | D:2      | Found a shattered altar of Ashenzari.
  1849 | D:2      | Noticed a centaur
  1857 | D:2      | You fall through a shaft!
  1869 | D:3      | Slain by an adder

Action                   || total
-------------------------++-------
Melee: Mace              ||    93
Invok: Depart the Abyss  ||     1
 Abil: Shaft Self        ||     1
  Use: Potion            ||     2
  Eat: Chunk             ||     3
